 Dungeon Crawl Stone Soup version 0.28-a0-991-g956f0ee3d5 (webtiles) character file.

Game seed: 1035964357866320281

26 Redcow54321 the Ruffian (level 2, -1/29 HPs)
             Began as a Troll Fighter on Dec 5, 2021.
             Slain by a gnoll (8 damage)
             ... on level 2 of the Dungeon.
             The game lasted 00:01:22 (541 turns).

Redcow54321 the Ruffian (Troll Fighter)              Turns: 541, Time: 00:01:23

Health: -1/29      AC:  4    Str: 23    XL:     2   Next: 89%
Magic:  1/1        EV: 10    Int:  4    God:
Gold:   22         SH:  0    Dex:  9    Spells: 1/1 levels left

rFire   . . .      SeeInvis .     - Unarmed
rCold   . . .      Faith    .   (no shield)
rNeg    . . .      Spirit   .   a - +0 robe
rPois   +          Reflect  .   (helmet restricted)
rElec   .          Harm     .   (no cloak)
rCorr   .          Rampage  .   (gloves unavailable)
Will    .....                   (boots unavailable)
Stlth   +.........              (no amulet)
HPRegen 0.89/turn               d - ring of poison resistance
MPRegen 0.07/turn               (no ring)

@: no status effects
A: large, unfitting armour, claws 3, regeneration 1, shaggy fur 1, tough skin 1
a: no special abilities


You were on level 2 of the Dungeon.
You visited 1 branch of the dungeon, and saw 2 of its levels.

You collected 22 gold pieces.

Inventory:

Armour
 a - a +0 robe (worn)
 b - a +0 kite shield
Jewellery
 d - a ring of poison resistance (left claw)
Potions
 c - a potion of might
 e - a potion of heal wounds {unknown}


   Skills:
 - Level 2.4 Fighting
 - Level 2.4 Dodging
 - Level 2.4 Shields
 * Level 3.4 Unarmed Combat


You had one spell level left.
You didn't know any spells.
Your spell library was empty.

Dungeon Overview and Level Annotations

Branches:
Dungeon (2/15)

Altars:


Innate Abilities, Weirdness & Mutations

You are too large for most types of armour.
You have claws for hands.
Your natural rate of healing is unusually fast.
You are covered in fur. (AC +1)
You have tough skin. (AC +1)


Message History

There is a stone staircase leading up here.
A gnoll comes into view. It is wielding a +0 whip.
The gnoll shouts!
You hear a shout!
The gnoll barely misses you.
An endoplasm and a gnoll come into view.
Found 23 sling bullets.
The gnoll shouts!
The endoplasm quivers.
A frilled lizard comes into view.
A gnoll comes into view. It is wielding a +0 club.
A hobgoblin comes into view.
You claw the gnoll!
The gnoll is severely wounded.
You barely miss the gnoll.
The gnoll is severely wounded.
The gnoll completely misses you.
You scratch the gnoll.
You kill the gnoll!
The gnoll barely misses you.
The gnoll hits you from afar with a +0 spear!
The giant cockroach barely misses you.
You closely miss the giant cockroach. The gnoll hits you with a +0 whip.
The giant cockroach bites you but does no damage.
You barely miss the giant cockroach.
The giant cockroach bites you but does no damage.
The gnoll hits you with a +0 whip. The gnoll hits you with a +0 club.
The gnoll hits you from afar with a +0 spear.
The frilled lizard bites you but does no damage.
You barely miss the giant cockroach. The giant cockroach bites you.
The gnoll hits you but does no damage. The gnoll hits you with a +0 club.
The gnoll hits you but does no damage. The frilled lizard barely misses you.
The giant cockroach closely misses you. The giant cockroach misses you.
The giant cockroach closely misses you.
There is a stone staircase leading up here.
The giant cockroach barely misses you. The endoplasm freezes you.
You are frozen.
* * * LOW HITPOINT WARNING * * *
The gnoll hits you from afar with a +0 spear!
You die...

.......# ......#
.. .....## ...
?....# ....
#....###....
#....#.....
#..$.(..#
#..@..#.#
#.gJB...#
##.l.g.###
#...g..g#
#.......).......
#...............
#...............
#...............
#...............


You could see 3 gnolls, an endoplasm, a giant cockroach, a hobgoblin and a
frilled lizard.

Vanquished Creatures
  A gnoll (D:2)
  2 endoplasms (D:1)
  2 giant cockroaches (D:1)
  A hobgoblin (D:1)
  A ball python (D:1)
  4 bats (D:1)
  2 frilled lizards (D:1)
  A kobold (D:1)
  3 rats (D:1)
17 creatures vanquished.

Notes
Turn   | Place    | Note
-------+----------+-------------------------------------------
     0 | D:1      | Redcow54321 the Troll Fighter began the quest for the Orb.
     0 | D:1      | Reached XP level 1. HP: 22/22 MP: 0/0
   149 | D:1      | Found a faded altar of an unknown god.
   229 | D:1      | Reached XP level 2. HP: 26/29 MP: 1/1
   264 | D:1      | Reached skill level 3 in Unarmed Combat
   541 | D:2      | Slain by a gnoll

Illustrated notes

Levels and vault maps discovered:
D:1:      nagdon_arrival_zigzag_paths, layout_basic,
          hellmonk_ecumenical_altar_inner_sanctum, st_stairs_8
D:2:      layout_rooms, uniq_robin, uniq_natasha

Skill      XL: |  1  2 |
---------------+-------+-----
Unarmed Combat | 3 |  3.4
Fighting       | |  2.4
Dodging        | |  2.4
Shields        | |  2.4

Action                   || total
-------------------------++-------
Melee: Unarmed           ||    38
       Punch             ||     1
Armor: Robe              ||    17
Dodge: Dodged            ||    29
Block: Kite shield       ||     2

Table legend: (Time is in decaauts)
 A = Elapsed time spent in this place.
 B = Non-inter-level travel time spent in this place.
 C = Inter-level travel time spent in this place.
 D = Time resting spent in this place.
 E = Time spent auto-exploring this place.
 F = Levels seen in this place.
 G = Mean time per level.
                   A        B        C        D        E       F      G
               +--------+--------+--------+--------+--------+-----+--------+
         Total |    538 |    518 |     20 |      0 |    423 |   2 |  269.0 |
       Dungeon |    538 |    518 |     20 |      0 |    423 |   2 |  269.0 |
               +--------+--------+--------+--------+--------+-----+--------+

Top non-repeatable levels by time:
     D:1: 524 daAuts
     D:2: 13 daAuts
